 Dungeon Crawl Stone Soup version 0.25-a0-166-g16436c4407 (webtiles) character file.

Game seed: 16436311985972639836, levelgen mode: deterministic

109 mortelune the Firebug (level 4, -2/24 HPs)
             Began as a Deep Elf Fire Elementalist on Nov 23, 2019.
             Killed by divine providence
             ... invoked by an orc priest
              (17 damage)
             ... on level 3 of the Dungeon.
             The game lasted 00:05:49 (4159 turns).

mortelune the Firebug (Deep Elf Fire Elementalist)  Turns: 4159, Time: 00:05:50

Health: -2/24      AC:  3    Str:  5    XL:     4   Next: 59%
Magic:  8/11       EV: 13    Int: 21    God:
Gold:   130        SH:  0    Dex: 15    Spells: 0/10 levels left

rFire    . . .     SeeInvis .   d - +2 hand axe (chop)
rCold    . . .     Gourm    .   (no shield)
rNeg     . . .     Faith    .   a - +0 robe
rPois    .         Spirit   .   k - +0 helmet
rElec    .         Reflect  .   (no cloak)
rCorr    .         Harm     .   (no gloves)
MR       .....                  (no boots)
Stlth    ++........             (no amulet)
HPRegen  0.08/turn              (no ring)
MPRegen  0.12/turn              (no ring)

@: no status effects
A: no striking features
a: no special abilities


You were on level 3 of the Dungeon.
You were very hungry.

You visited 1 branch of the dungeon, and saw 3 of its levels.

You collected 130 gold pieces.

Inventory:

Hand Weapons
 d - a +2 hand axe of chopping (weapon)
 l - a +0 dagger
Armour
 a - a +0 robe (worn)
 k - a +0 helmet (worn)
Scrolls
 h - 3 scrolls of teleportation
 n - a scroll of amnesia
 p - a scroll of remove curse {unknown}
Potions
 b - a potion of heal wounds
 e - 2 potions of curing
 f - a potion of haste
 g - a potion of mutation {unknown}
 i - a potion of berserk rage {unknown}
 j - a potion of lignification {unknown}
 o - 2 potions of agility {unknown}
Comestibles
 c - 4 rations


   Skills:
 + Level 3.2 Dodging
 - Level 2.4 Stealth
 + Level 3.7 Spellcasting
 * Level 2.8 Conjurations
 * Level 4.4 Fire Magic


You couldn't memorise any spells.
You knew the following spells:

 Your Spells              Type           Power        Failure   Level  Hunger
a - Flame Tongue          Conj/Fire      ###..        2%          1    None
b - Throw Flame           Conj/Fire      ###...       4%          2    ##.....
c - Conjure Flame         Conj/Fire      ###.....     9%          3    ###....
d - Sticky Flame          Conj/Fire      ###.....     26%         4    ####...

Your spell library contained the following spells:

 Spells                   Type           Power        Failure   Level  Hunger
 Inner Flame              Hex/Fire       ##......     14%         3    ###....
 Fireball                 Conj/Fire      ###.......   58%         5    ######.


Dungeon Overview and Level Annotations

Branches:
Dungeon (3/15)

Altars:
Gozag
Kikubaaqudgha
Nemelex Xobeh
Uskayaw


Message History

The puff of flame hits the orc priest.
The orc priest is lightly wounded.
The orc priest shouts!
Casting: Throw Flame (safe; 4% risk of failure)
Confirm with . or Enter, or press ? or * to list all spells.
Aiming: Throw Flame (safe; 4% risk of failure)
Press: ? - help, Shift-Dir - straight line, f/p - orc priest
Aim: an orc priest, wielding a +0 club and wearing a +0 leather armour (lightly wounded)
The puff of flame hits the orc priest.
The orc priest is moderately wounded.
You are feeling very hungry.
The orc priest mumbles some strange prayers to Beogh against you.
Beogh smites you!
You hear a shout! x3
You start resting.
The orc priest is too close now for your liking.
The orc priest calls down the wrath of Beogh upon you.
Beogh smites you!
Ouch! That really hurt!
You die...

#...). ....... #....#
....... #....# .......
...# %...... #.######o#
....... #>........
....... #.######.#
###### ####o###### #
#..).@....#.# #######
#.##.####.#.# .....(..
#.##......#.# ......##
#.......#.#.# ...... #
#.......#.#.# ...... #
#....รท..###.##......##
#.......'.............
#.......##............
#.......##............


You could see an orc priest.

Vanquished Creatures
  Robin (D:1)
  2 adders
  An ooze (D:2)
  5 dart slugs
  5 leopard geckos
  2 orcs (D:3)
  A giant cockroach (D:2)
  5 hobgoblins
  A ball python (D:2)
  6 bats
  3 frilled lizards
  15 goblins
  6 kobolds
  5 rats
58 creatures vanquished.

Notes
Turn   | Place    | Note
-------+----------+-------------------------------------------
     0 | D:1      | mortelune the Deep Elf Fire Elementalist began the quest
                  | for the Orb.
     0 | D:1      | Reached XP level 1. HP: 10/10 MP: 6/6
   783 | D:1      | You fall into a shaft and drop 1 floor!
   838 | D:1      | Reached XP level 2. HP: 15/15 MP: 5/8
   843 | D:1      | Learned a level 2 spell: Throw Flame
  1516 | D:2      | Found a faded altar of an unknown god.
  1630 | D:2      | Found a sparkling altar of Nemelex Xobeh.
  1721 | D:2      | Reached XP level 3. HP: 19/19 MP: 2/9
  1846 | D:2      | Learned a level 3 spell: Conjure Flame
  1875 | D:2      | Found an ancient bone altar of Kikubaaqudgha.
  1883 | D:2      | Noticed Robin
  2118 | D:2      | Reached skill level 4 in Fire Magic
  2318 | D:1      | Killed Robin
  2539 | D:2      | Found an opulent altar of Gozag.
  2622 | D:2      | Reached XP level 4. HP: 24/24 MP: 2/11
  3103 | D:2      | Learned a level 4 spell: Sticky Flame
  3400 | D:3      | Found a hide-covered altar of Uskayaw.
  4159 | D:3      | Killed from afar by an orc priest

Levels and vault maps discovered:
D:1:      sevenhm_arrival_forest_fort_small_4, layout_loops_corners
D:2:      layout_loops_cross, nicolae_gozag_seed_capital, old_standard_altar,
          old_standard_altar, chequers_ecumenical_altar_simple,
          serial_bayou_ford_a, kennysheep_generic_room_7, uniq_robin,
          uniq_terence
D:3:      layout_basic, eat_drink_and_be_merry_uskayaw

Skill      XL: |  1  2  3 |
---------------+----------+-----
Conjurations   | 2 |  2.8
Fire Magic     | 4 |  4.4
Dodging        | 3 |  3.2
Stealth        | |  2.4
Spellcasting   | |  3.7

Action                   |  1- 3 |  4- 6 || total
-------------------------+-------+-------++-------
 Cast: Flame Tongue      |    56 |    14 ||    70
       Throw Flame       |    21 |    22 ||    43
       Conjure Flame     |     1 |       ||     1
  Use: Scroll            |       |     5 ||     5
       Potion            |       |     1 ||     1
  Eat: Chunk             |     6 |     4 ||    10
Armor: Robe              |    12 |     1 ||    13
Dodge: Dodged            |    52 |     6 ||    58

Table legend:
 A = Non-vault XP
 B = Vault XP
 C = Vault XP percentage of total XP
 D = Non-vault monster count
 E = Vault monster count
 F = Vault count percentage of total count
                 A         B        C        D         E       F
            +---------+---------+-------+---------+---------+-------
      Total |     115 |      41 |  26.3 |      45 |      13 |  22.4
            +---------+---------+-------+---------+---------+-------
        D:1 |      30 |      16 |  34.8 |      16 |       1 |   5.9
        D:2 |      45 |      25 |  35.7 |      17 |      12 |  41.4
        D:3 |      40 |       0 |   0.0 |      12 |       0 |   0.0
            +---------+---------+-------+---------+---------+-------
